 Dungeon Crawl Stone Soup version 0.20.0-9-g8272e65 (webtiles) character file.

42 Kosschaser the Skirmisher (level 3, 0/29 HPs)
             Began as a Demonspawn Fighter on June 3, 2017.
             Slain by Sigmund
             ... wielding a +0 scythe
              (10 damage)
             ... on level 1 of the Dungeon.
             The game lasted 00:02:49 (1276 turns).

Kosschaser the Skirmisher (Demonspawn Fighter)      Turns: 1276, Time: 00:02:50

Health: 0/29       AC:  7    Str: 17    XL:     3   Next: 35%
Magic:  3/3        EV:  7    Int:  9    God:
Gold:   33         SH:  9    Dex: 12    Spells: 2/2 levels left

rFire    . . .     SeeInvis .   a - +0 long sword
rCold    . . .     Gourm    .   c - +0 shield
rNeg     . . .     Faith    .   b - +0 scale mail
rPois    .         Spirit   .   (no helmet)
rElec    .         Reflect  .   k - +0 cloak
rCorr    .         Harm     .   (no gloves)
MR       .....                  (no boots)
Stlth    ..........             (no amulet)
Regen    0.1/turn               (no ring)
MPRegen  0.1/turn               (no ring)

@: no status effects
A: claws 1, spiny 1
a: no special abilities


You were on level 1 of the Dungeon.
You were not hungry.

You visited 1 branch of the dungeon, and saw 2 of its levels.

You collected 33 gold pieces.

Inventory:

Hand Weapons
 a - a +0 long sword (weapon)
Armour
 b - a +0 scale mail (worn)
 c - a +0 shield (worn)
 k - a +0 cloak (worn)
Scrolls
 e - a scroll of blinking {unknown}
 g - a scroll of teleportation {unknown}
 h - a scroll of recharging {unknown}
 i - a scroll of magic mapping {unknown}
 l - 2 scrolls of fear {unknown}
 o - a scroll of noise {unknown}
Potions
 d - a potion of might
 j - a potion of ambrosia {unknown}
 m - a potion of flight {unknown}
Comestibles
 f - a bread ration


   Skills:
 + Level 3.2 Fighting
 + Level 2.4 Long Blades
 + Level 3.0 Armour
 + Level 0.1 Dodging
 + Level 3.1 Shields


You had 2 spell levels left.
You didn't know any spells.

Dungeon Overview and Level Annotations

Branches:
Dungeon (2/15)

Altars:

Annotations:
D:1 Sigmund


Innate Abilities, Weirdness & Mutations

You have sharp fingernails.
You are partially covered in sharp spines.


Message History

You block the goblin's attack.
Found a scroll labeled ITWELAU BUASA.
You closely miss the jackal.
The jackal is severely wounded.
The jackal bites you but does no damage.
The jackal closely misses you. The goblin barely misses you.
You riposte.
You closely miss the goblin. The jackal bites you.
The jackal bites you but does no damage.
The goblin barely misses you.
Sigmund the Dreaded comes into view.
He is wielding a scythe.
Sigmund hits you from afar with a scythe!
The jackal is struck by your spines.
You kill the jackal!
There is a stone staircase leading up here.
Sigmund hits you with a scythe! The goblin completely misses you.
You climb upwards.
There is a stone staircase leading down here.
Your shield prevents you from hitting Sigmund.
Sigmund hits you with a scythe!
You die...

#.# #.###....#. #.#
#.# #....## #.# #.#
#....# ####.### #.#
####.#
#...†..####.######.##
##.#.#.##............
#.#.#.##.#.######.##
#.#@#.##.#......#...
#.#@#.##.#..........
#.#g#.##.#.##.#.#...
#.#.#.##........#...
#...#.##.#....#.#...
#####.#############.
#...................
#.###.###########...
#.# #.##### #.#. #.#
#.....# #...


You could see Sigmund and a goblin.

Vanquished Creatures
  A dart slug (D:1)
  A leopard gecko (D:1)
  2 giant cockroaches (D:1)
  3 goblins (D:1)
  8 hobgoblins (D:1)
  7 jackals
  2 ball pythons (D:1)
  4 bats (D:1)
  2 frilled lizards (D:1)
  A kobold (D:1)
  4 rats (D:1)
35 creatures vanquished.

Notes
Turn   | Place    | Note
-------+----------+-------------------------------------------
     0 | D:1      | Kosschaser the Demonspawn Fighter began the quest for the Orb.
     0 | D:1      | Reached XP level 1. HP: 18/18 MP: 1/1
   382 | D:1      | Gained mutation: You are partially covered in sharp spines. [demonic ancestry]
   382 | D:1      | Reached XP level 2. HP: 15/24 MP: 2/2
  1019 | D:1      | Gained mutation: You have sharp fingernails. [demonic ancestry]
  1019 | D:1      | Reached XP level 3. HP: 29/29 MP: 3/3
  1272 | D:2      | Noticed Sigmund
  1276 | D:1      | Slain by Sigmund

Skill      XL: |  1  2 |
---------------+-------+-----
Long Blades    | 2 |  2.4
Shields        | 3 |  3.1
Armour         | 3 |  3.0
Fighting       | |  3.2
Dodging        | |  0.1

Action                   || total
-------------------------++-------
Melee: Long sword        ||    94
  Eat: Chunk             ||     1
Armor: Scale mail        ||    49
Dodge: Dodged            ||    41
Block: Shield            ||    48
       Rpst.: Long sword ||     9
